Cogmind - Beta 17 @@@ ROGUE MODE // 2026.07.13 @ 00:12:10 Player: welikiq Result: Self-destructed Performance ------------- Evolutions (5) 2500 Regions Visited (8) 1600 Robots Destroyed (65) 325 Value Destroyed (1715) 1715 Prototype IDs (7) 140 Alien Tech Used (0) 0 Bonus (597) 597 TOTAL SCORE: 6877 Bonus ------- Follower Combat Kills 297 Aligned with FarCom 300 Cogmind --------- Core Integrity 859/1000 Matter 230/300 Energy 30/100 System Corruption 0% Temperature Cool (0) Movement Flying (32) Location -5/Factory Parts ------- > --- POWER (2) -------- (None) > --- PROPULSION (4) --- Improved VTOL Module Improved VTOL Module > --- UTILITY (7) ------ Improved Signal Interpreter Advanced Terrain Scanner Advanced Terrain Scan Processor Experimental Targeting Computer Advanced ECM Suite Hacking Suite System Shield > --- WEAPON (4) ------- (None) > --- INVENTORY (5) ---- Improved Deuterium Engine Improved Kinecellerator Improved Shield Generator Mass Driver Mass Driver Peak State ------------ > --- POWER ------------ Improved Deuterium Engine Neutrino Core > --- PROPULSION ------- Improved Carbon-fiber Leg Improved Carbon-fiber Leg Improved Titanium Leg Cooled Nuclear Pulse Thruster > --- UTILITY ---------- Large Storage Unit Advanced Terrain Scanner Advanced Terrain Scan Processor Kinecellerator Advanced ECM Suite Improved Light Armor Plating System Shield > --- WEAPON ----------- Flak Gun Flak Gun Flak Gun Spear > --- INVENTORY -------- Light Nuclear Core VSS Leg Cesium-ion Thruster Improved VTOL Module Improved VTOL Module Improved Heat Sink Medium Matter Pod Improved Signal Interpreter Advanced Terrain Scanner Advanced Melee Analysis Suite Improved Weapon Cycler Improved Shield Generator Improved Shield Generator High-powered Shotgun Flak Gun [Rating: 74] Favorites ----------- Power Ion Engine Engine Ion Engine Power Core Light Neutrino Core Propulsion Light Treads Treads Light Treads Leg Improved Carbon-fiber Leg Hover Unit Cooled Airjet Flight Unit Improved VTOL Module Utility Improved Light Armor Plating Device Advanced ECM Suite Storage Large Storage Unit Processor Improved Signal Interpreter Hackware System Shield Protection Improved Light Armor Plating Weapon Flak Gun Energy Gun Pulse Rifle Energy Cannon Beam Cannon Ballistic Gun Flak Gun Ballistic Cannon Assault Cannon Launcher Grenade Launcher Piercing Weapon Spear Build | -11 -10 -10 -10 -9 -8 -7 -6 -5 ------- Run | Yrd Mat Min Exi Min Mat Fac Fac Fac Slots Evolved 10 | . . . . . 4 2 2 2 Power 1 | . . . . . . . 1 . Propulsion 2 | . . . . . 1 1 . . Utility 5 | . . . . . 1 1 1 2 Weapon 2 | . . . . . 2 . . . Parts Attached 72 | 7 11 4 . 4 16 14 1 15 Power 7 | 1 . . . 1 1 1 1 2 Engine 4 | 1 . . . 1 1 1 . . Core 3 | . . . . . . . 1 2 Reactor . | . . . . . . . . . Propulsion 21 | 2 2 1 . 1 4 7 . 4 Treads 10 | 2 2 1 . 1 3 1 . . Leg 5 | . . . . . 1 4 . . Wheel . | . . . . . . . . . Hover 1 | . . . . . . 1 . . Flight 5 | . . . . . . 1 . 4 Utility 23 | 2 2 1 . 1 4 5 . 8 Device 10 | 1 1 1 . . 1 2 . 4 Storage 4 | 1 1 . . . 1 1 . . Processor 4 | . . . . . . 1 . 3 Hackware 3 | . . . . . 1 1 . 1 Protection 2 | . . . . 1 1 . . . Artifact . | . . . . . . . . . Weapon 21 | 2 7 2 . 1 7 1 . 1 Energy Gun 4 | 2 . 1 . . 1 . . . Energy Cannon 3 | . 3 . . . . . . . Ballistic Gun 7 | . 1 . . 1 4 1 . . Ballistic Cannon 5 | . 2 1 . . 1 . . 1 Launcher 1 | . 1 . . . . . . . Special Weapon . | . . . . . . . . . Impact Weapon . | . . . . . . . . . Slashing Weapon . | . . . . . . . . . Piercing Weapon 1 | . . . . . 1 . . . Special Melee Weapon . | . . . . . . . . . Unidentified Prototypes 5 | . . . . . . 2 . 3 Parts Lost 10 | . 1 . . 6 . . . 3 Power 2 | . . . . 2 . . . . Propulsion 3 | . . . . 1 . . . 2 Utility 1 | . . . . 1 . . . . Weapon 4 | . 1 . . 2 . . . 1 Highest Loss Streak 5 | . 1 . . 5 . . . 2 To Critical Strikes . | . . . . . . . . . Average Backups 8 | . 6 13 15 9 5 10 13 7 Power . | . . 1 1 . . 1 . . Propulsion 1 | . . 2 3 2 . 3 5 1 Utility 3 | . 3 4 5 3 2 3 6 3 Weapon 2 | . 1 5 6 3 1 2 2 2 Tool/Special . | . . . . . . . . . Unused Backups 23 | . 2 . . 4 1 7 . 9 Power 2 | . . . . . . 2 . . Propulsion 4 | . 1 . . . 1 2 . . Utility 12 | . . . . 3 . 3 . 6 Weapon 5 | . 1 . . 1 . . . 3 Tool/Special . | . . . . . . . . . Average Slot Usage (%) 93 | . 100 100 100 50 86 99 92 79 Engine 8 | . 14 14 14 4 5 7 6 1 Treads 15 | . 28 28 28 15 20 8 . . Leg 8 | . . . . . 5 21 26 7 Flight 2 | . . . . . . . . 12 Device 9 | . 14 14 14 3 4 4 9 13 Storage 7 | . 14 14 14 7 3 7 6 1 Processor 2 | . . . . . . . . 11 Hackware 5 | . . . . . 6 8 6 7 Protection 3 | . . . . 4 6 6 6 1 Energy Gun 3 | . 8 10 14 7 . . . . Energy Cannon 2 | . 12 . . . . . . . Ballistic Gun 16 | . 3 . . . 31 28 26 7 Ballistic Cannon 2 | . 1 17 14 5 . . . . Piercing Weapon 1 | . . . . . . . . 4 Peak Build Rating 74 | 7 12 13 13 15 32 51 57 74 Average Rating 31 | 5 8 12 13 6 26 45 53 59 On Entrance 19 | . 7 11 13 13 . 28 50 57 Avg Prop Armor Cover (%) 8 | . . . . . 9 5 . . Naked Turns 80 | . . . . 56 24 . . . Heaviest Build 69 | 15 34 35 34 37 34 53 61 69 Greatest Support 80 | 40 40 40 40 40 60 80 73 73 Greatest Overweight (x) 3 | . . . . . 1 3 . 1 Average Overweight (x) . | . . . . . . . . . Largest Inventory Capacity 15 | 8 15 15 15 15 10 15 15 15 Average Capacity 10 | 7 10 15 15 10 7 11 15 8 Most Carried 15 | . 11 15 15 15 8 15 15 15 Average Carried 8 | . 6 13 15 9 5 10 13 7 Final Capacity 15 | 8 15 15 15 5 10 15 15 5 Final Carried 15 | . 11 15 15 5 8 14 13 5 Class Distribution -------------------- 37% | Mutant 26% | Scientist-Skirmisher 19% | Skirmisher 7% | Hacker-Ninja 3% | Ninja Dominant Class ---------------- Mutant | -10/Materials Mutant | -10/Mines Mutant | -10/Exiles Mutant | -9/Mines Skirmisher | -8/Materials Scientist-Skirmisher | -7/Factory Scientist-Skirmisher | -6/Factory Hacker-Ninja | -5/Factory Resources | -11 -10 -10 -10 -9 -8 -7 -6 -5 ----------- Run | Yrd Mat Min Exi Min Mat Fac Fac Fac Matter Collected 2204 | 217 201 45 . 14 747 704 . 276 Remotely . | . . . . . . . . . Salvage Created 2342 | 104 644 48 . 57 571 742 . 176 Parts 127 | 3 27 2 . 2 25 56 . 12 Haulers Intercepted 7 | . 2 . . . 1 4 . . Recyclers Shooed 2 | . . . . . . 1 . 1 Parts Field Recycled . | . . . . . . . . . Retrieved Matter . | . . . . . . . . . Parts Self-Destructed . | . . . . . . . . . Prevented . | . . . . . . . . . Parts Restored . | . . . . . . . . . Kills | -11 -10 -10 -10 -9 -8 -7 -6 -5 ------- Run | Yrd Mat Min Exi Min Mat Fac Fac Fac Combat Hostiles Destroyed 41 | . 9 . . 9 11 11 . 1 Guns 29 | . 5 . . 2 11 11 . . Cannons 5 | . 2 . . 2 . . . 1 AOE 7 | . 2 . . 5 . . . . Classes Destroyed 15 | 2 5 . . 2 3 2 . 1 Worker 7 | . 1 . . . 1 5 . . Builder 6 | . 2 . . . . 4 . . Tunneler 3 | 1 . . . . . 2 . . Hauler 7 | . 2 . . . 1 4 . . Recycler 5 | 1 1 1 . . 1 . . 1 Operator 1 | . . . . . . . . 1 Watcher 3 | . 1 . . . 2 . . . Swarmer 2 | . . . . 1 . . . 1 Grunt 20 | . 9 . . . 7 4 . . Brawler 1 | . . . . . 1 . . . Duelist 1 | . . . . . 1 . . . Sentry 5 | . . . . . 2 3 . . Hunter 1 | . . . . . . 1 . . Programmer 3 | . . . . . . 3 . . Assembled 8 | . . . . 8 . . . . Best Kill Streak 9 | 1 4 1 . 9 4 6 . 1 Combat Bots Only 9 | . 4 . . 9 3 4 . 1 Max Kills in Single Turn 3 | 1 1 1 . 3 2 2 . 1 Gunslinging . | . . . . . . . . . Exploded 3 | . 1 . . 3 . . . . Melee . | . . . . . . . . . Uniques/NPCs Destroyed . | . . . . . . . . . Combat | -11 -10 -10 -10 -9 -8 -7 -6 -5 -------- Run | Yrd Mat Min Exi Min Mat Fac Fac Fac Hostile Shots Fired 224 | . 31 6 . 61 19 54 . 53 Missed 65 | . 10 1 . 16 4 18 . 16 Hits 159 | . 21 5 . 45 15 36 . 37 Melee 5 | . . . . 1 2 . . 2 Projectile 154 | . 21 5 . 44 13 36 . 35 AOE 17 | . . . . 16 . . . 1 Critical Strikes 4 | . . 1 . . 2 . . 1 Damage Taken 2731 | 39 332 100 . 1082 255 377 . 546 Core 394 | . 11 . . 237 . 5 . 141 Absorbed by Shields 65 | . . . . . . . . 65 Regen/Repaired (Parts) 100 | . . . . . . 100 . . Core Remaining (%) 79 | 100 . . . . 100 99 100 . Volleys Fired 112 | 4 47 1 . 14 21 23 . 2 Largest 4 | 2 2 2 . 2 4 4 . 4 Hottest 128 | 90 120 100 . 100 112 112 . 128 Shots Fired 307 | 8 87 2 . 27 83 92 . 8 Gun 256 | 8 52 1 . 14 83 92 . 6 Cannon 45 | . 33 1 . 9 . . . 2 Launcher 6 | . 2 . . 4 . . . . Special . | . . . . . . . . . Kinetic 213 | . 19 1 . 10 83 92 . 8 Thermal 66 | 4 48 1 . 13 . . . . Explosive 6 | . 2 . . 4 . . . . Electromagnetic 22 | 4 18 . . . . . . . Robot Hit Streak 20 | 3 20 1 . 4 7 9 . 4 Robot Miss Streak 9 | 1 3 1 . 5 8 6 . 9 Penetration Max . | . . . . . . . . . Secondary Targets 2 | . . . . . 2 . . . Max Gunslinging Chain 1 | . . . . . 1 . . . Shots Hit Robots 227 | 5 64 1 . 11 65 71 . 10 Core Hits 235 | 3 26 . . 14 86 96 . 10 Critical Kills . | . . . . . . . . . Critical Parts Destroyed . | . . . . . . . . . Critical Strikes 1 | . 1 . . . . . . . Burn 1 | . 1 . . . . . . . Melee Attacks 45 | . . . . . 2 23 . 20 Impact . | . . . . . . . . . Slashing . | . . . . . . . . . Piercing 45 | . . . . . 2 23 . 20 Sneak Attacks 9 | . . . . . . 6 . 3 Combat Hostiles . | . . . . . . . . . Follow-up Attacks . | . . . . . . . . . Damage Inflicted 5430 | 120 1121 40 . 674 1132 1940 . 403 Guns 3245 | 76 498 17 . 119 1131 1344 . 60 Cannons 559 | . 389 . . 124 . . . 46 Explosions 824 | 35 228 . . 431 . 130 . . Melee 684 | . . . . . . 387 . 297 Ramming 118 | 9 6 23 . . 1 79 . . Kinetic 2834 | . 114 . . 139 1131 1344 . 106 Thermal 951 | 85 745 17 . 104 . . . . Explosive 467 | . 36 . . 431 . . . . Electromagnetic 376 | 26 220 . . . . 130 . . Impact . | . . . . . . . . . Slashing . | . . . . . . . . . Piercing 684 | . . . . . . 387 . 297 Highest Corruption 2 | . . . . . . 2 . . Average Corruption 1 | . . . . . . 1 . . Corruption Purged . | . . . . . . . . . Corruption Blocked . | . . . . . . . . . Effects 7 | . . . . . . 7 . . Message Errors 1 | . . . . . . 1 . . Matter Fused 1 | . . . . . . 1 . . Heat Flow Errors 1 | . . . . . . 1 . . Energy Discharges 1 | . . . . . . 1 . . Data Loss (minor) 2 | . . . . . . 2 . . Data Loss (major) 1 | . . . . . . 1 . . Overload Shots . | . . . . . . . . . Overflow Damage 181 | . . . . 25 . 88 . 68 Projectiles 25 | . . . . 25 . . . . Explosions . | . . . . . . . . . Melee 156 | . . . . . . 88 . 68 Knockbacks 2 | . . . . 1 . . . 1 Impact . | . . . . . . . . . Kinetic 2 | . . . . 1 . . . 1 Secondary . | . . . . . . . . . Self-Inflicted Damage 191 | 39 56 . . 53 . 43 . . Shots 5 | 1 1 . . 2 . 1 . . Rammed 15 | 1 3 4 . . . 7 . . Targets Rammed 25 | 1 3 5 . . 2 14 . . Kicked 6 | . . . . . 2 4 . . Crushed 4 | . . 1 . . . 3 . . Highest Temperature 309 | 72 240 72 . 309 192 120 . 78 Average Temperature 67 | 36 64 43 . 162 55 36 . 43 Received Heat Transfer 436 | . 156 48 . 40 153 39 . . Effects 2 | . 1 . . 1 . . . . Interference 2 | . 1 . . 1 . . . . Siege Activations . | . . . . . . . . . Martial Activations . | . . . . . . . . . Shielding Activations . | . . . . . . . . . Robots Disrupted 1 | . 1 . . . . . . . Combat Hostiles 1 | . 1 . . . . . . . Robots Corrupted . | . . . . . . . . . Combat Hostiles . | . . . . . . . . . Parts Fried . | . . . . . . . . . Impact Corruptions . | . . . . . . . . . Robots Melted . | . . . . . . . . . Combat Hostiles . | . . . . . . . . . Parts Melted 3 | . 3 . . . . . . . Heat Transferred 1976 | 198 1519 37 . 222 . . . . Parts Sabotaged . | . . . . . . . . . Parts Stolen . | . . . . . . . . . Parts Stripped . | . . . . . . . . . Power Chain Reactions 4 | 1 3 . . . . . . . Alert | -11 -10 -10 -10 -9 -8 -7 -6 -5 ------- Run | Yrd Mat Min Exi Min Mat Fac Fac Fac Maximum Alert Level . | . . . . . . . . . Low Security (%) 100 | 100 100 100 . 100 100 100 100 100 Level 1 . | . . . . . . . . . Level 2 . | . . . . . . . . . Level 3 . | . . . . . . . . . Level 4 . | . . . . . . . . . Level 5 . | . . . . . . . . . High Security . | . . . . . . . . . Max Security . | . . . . . . . . . Peak Influence 192 | 5 130 44 . 81 119 192 14 75 Initial 42 | . . 7 . . 7 42 12 1 Average 28 | . 28 7 . 37 32 48 5 8 Influence Increases 1747 | 10 358 84 . 159 353 573 14 196 Destroy 0b10 Robot/C 880 | . 180 60 . 80 220 320 . 20 Destroy 0b10 Robot/NC 165 | 10 35 5 . . 25 80 . 10 Destroy Leader 208 | . 46 10 . 10 56 86 . . Allied During Kill 29 | . . 8 . 9 . 12 . . Successful Hack 122 | . 27 . . . 35 22 14 24 Disable Machine 75 | . 30 . . . . 30 . 15 Destroy Structure 88 | . 25 1 . 30 2 8 . 22 Partial Spotted 15 | . . . . . . . . 15 Lose Combat Pursuer 165 | . 15 . . 30 15 15 . 90 Influence Decreases 1747 | 10 339 103 . 139 279 640 37 200 Entered New Map 95 | . . 12 . . 13 52 15 3 Time Decay 1354 | 10 329 90 . 49 266 401 22 187 Lost Part 70 | . 10 . . 50 . . . 10 Lost Ally 78 | . . 1 . 40 . 37 . . Purge Threat 150 | . . . . . . 150 . . Squads Dispatched 14 | . 1 . . . 1 7 . 5 Investigation 2 | . 1 . . . . 1 . . Extermination 5 | . . . . . . 3 . 2 Reinforcement 6 | . . . . . 1 2 . 3 Assault . | . . . . . . . . . Garrison 1 | . . . . . . 1 . . Intercept . | . . . . . . . . . Searches Triggered . | . . . . . . . . . Construction Impeded . | . . . . . . . . . Haulers Reinforced 1 | . . . . . . 1 . . Active Scanning Responses . | . . . . . . . . . Cargo Convoy Interrupts . | . . . . . . . . . Stealth | -11 -10 -10 -10 -9 -8 -7 -6 -5 --------- Run | Yrd Mat Min Exi Min Mat Fac Fac Fac Distress Signals 14 | . 1 . . . 5 2 . 6 Communications Jammed . | . . . . . . . . . Distress Signals . | . . . . . . . . . Times Spotted 112 | . 20 4 . 17 21 24 . 26 Peak Tracking Total 10 | . 5 2 . 8 4 5 . 10 Tactical Retreats 9 | . 1 . . 2 1 1 . 4 ECM-based Alert Blocks 12 | . . . . . . . . 12 Traps | -11 -10 -10 -10 -9 -8 -7 -6 -5 ------- Run | Yrd Mat Min Exi Min Mat Fac Fac Fac Traps Triggered 8 | . . . . . 1 2 . 5 Indirectly . | . . . . . . . . . Trap Hack Attempts . | . . . . . . . . . Triggered . | . . . . . . . . . Disarmed . | . . . . . . . . . Reprogrammed . | . . . . . . . . . Reused . | . . . . . . . . . Traps Extracted . | . . . . . . . . . Installed . | . . . . . . . . . Triggered . | . . . . . . . . . Machines | -11 -10 -10 -10 -9 -8 -7 -6 -5 ---------- Run | Yrd Mat Min Exi Min Mat Fac Fac Fac Machines Disabled 6 | . 3 . . . . 2 . 1 Max in Single Turn 1 | . 1 . . . . 1 . 1 Garrison Access 3 | . . . . . . 2 1 . Machines Repaired . | . . . . . . . . . Machines Dismantled . | . . . . . . . . . Machines Sabotaged . | . . . . . . . . . Overloaded Fab Kills . | . . . . . . . . . Hacking | -11 -10 -10 -10 -9 -8 -7 -6 -5 --------- Run | Yrd Mat Min Exi Min Mat Fac Fac Fac Machines Accessed 29 | . 5 1 . . 4 10 3 6 Terminals 20 | . 5 . . . 4 4 2 5 Fabricators . | . . . . . . . . . Repair Stations 1 | . . . . . . 1 . . Recycling Units . | . . . . . . . . . Scanalyzers 4 | . . . . . . 3 . 1 Garrison Access 3 | . . . . . . 2 1 . Total Hacks 90 | . 19 1 . . 15 31 5 19 Successful 42 | . 5 1 . . 7 22 3 4 Failed 47 | . 13 . . . 8 9 2 15 Catastrophic 10 | . 3 . . . . 3 . 4 Database Lockouts 1 | . 1 . . . . . . . Manual 50 | . 18 . . . 14 6 1 11 Terminals 65 | . 19 . . . 15 10 3 18 Fabricators . | . . . . . . . . . Repair Stations 5 | . . . . . . 5 . . Recycling Units . | . . . . . . . . . Scanalyzers 15 | . . . . . . 14 . 1 Garrison Access 4 | . . . . . . 2 2 . Terminal Hacks 14 | . 4 1 . . 5 2 1 1 Robot Analysis 6 | . 2 . . . 4 . . . Prototype ID Bank 1 | . 1 . . . . . . . Open Door 1 | . . 1 . . . . . . Open DSF 1 | . . . . . . . 1 . Level Access Points 1 | . 1 . . . . . . . Branch Access Points 1 | . . . . . . . . 1 Alert Level 2 | . . . . . 1 1 . . Unreport Threat 1 | . . . . . . 1 . . Fabricator Hacks . | . . . . . . . . . Repair Station Hacks 4 | . . . . . . 4 . . Scan Component 2 | . . . . . . 2 . . Repair 2 | . . . . . . 2 . . Recycling Unit Hacks . | . . . . . . . . . Scanalyzer 14 | . . . . . . 13 . 1 Insert Component 1 | . . . . . . 1 . . Analyze 2 | . . . . . . 2 . . Retrieve Study 11 | . . . . . . 10 . 1 Garrison Access Hacks 3 | . . . . . . 2 1 . Seal Access 3 | . . . . . . 2 1 . Unauthorized Hacks 7 | . 1 . . . 2 1 1 2 Terminals 7 | . 1 . . . 2 1 1 2 Botnet 7 | . 1 . . . 2 1 1 2 Fabricators . | . . . . . . . . . Repair Stations . | . . . . . . . . . Recycling Units . | . . . . . . . . . Scanalyzers . | . . . . . . . . . Garrison Access . | . . . . . . . . . Data Cores Recovered . | . . . . . . . . . Used . | . . . . . . . . . Hacking Detections 21 | . 5 . . . 4 5 1 6 Full Trace Events 1 | . 1 . . . . . . . Feedback Events . | . . . . . . . . . Feedback Blocked . | . . . . . . . . . Robot Schematics Acquired . | . . . . . . . . . Robots Built . | . . . . . . . . . Authchips . | . . . . . . . . . Time . | . . . . . . . . . Total Robot Build Rating . | . . . . . . . . . Part Schematics Acquired 1 | . . . . . . 1 . . Parts Built . | . . . . . . . . . Authchips . | . . . . . . . . . Time . | . . . . . . . . . Total Part Build Rating . | . . . . . . . . . Part Studies Acquired 11 | . . . . . . 10 . 1 Parts Repaired 2 | . . . . . . 2 . . Time 82 | . . . . . . 82 . . Parts Recycled . | . . . . . . . . . Recycled Matter . | . . . . . . . . . Retrieved Matter . | . . . . . . . . . Retrieved Components . | . . . . . . . . . Parts Scanalyzed 1 | . . . . . . 1 . . Part Schematics Acquired 1 | . . . . . . 1 . . Parts Damaged 1 | . . . . . . 1 . . Bothacking | -11 -10 -10 -10 -9 -8 -7 -6 -5 ------------ Run | Yrd Mat Min Exi Min Mat Fac Fac Fac Used RIF Installer . | . . . . . . . . . Robots Hacked . | . . . . . . . . . Non-combat . | . . . . . . . . . Combat . | . . . . . . . . . Robot Hacks Applied . | . . . . . . . . . Relay Couplers Released . | . . . . . . . . . Fabnet Peak Effective % . | . . . . . . . . . Robots Rewired 2 | . . . . . . 2 . . Allies Hacked . | . . . . . . . . . Hacks Repelled . | . . . . . . . . . Allies | -11 -10 -10 -10 -9 -8 -7 -6 -5 -------- Run | Yrd Mat Min Exi Min Mat Fac Fac Fac Total Allies 5 | . . 3 . . . 2 . . Largest Group 3 | . . 3 2 2 . 2 . . Highest-Rated Group 64 | . . 40 32 32 . 64 . . Highest-Rated Ally 32 | . . 16 16 16 . 32 . . Total Orders . | . . . . . . . . . Ally Attacks 54 | . . 20 . 17 . 17 . . Total Damage 1011 | . . 239 . 173 . 599 . . Kills 13 | . . 3 . 4 . 6 . . Allies Corrupted . | . . . . . . . . . Allies Melted . | . . . . . . . . . Intel | -11 -10 -10 -10 -9 -8 -7 -6 -5 ------- Run | Yrd Mat Min Exi Min Mat Fac Fac Fac Active Infowar (turns) 2667 | 18 753 604 284 18 . 20 36 934 Terrain 934 | . . . . . . . . 934 Structural 906 | . . 604 284 18 . . . . Seismic 771 | 18 753 . . . . . . . ECM 99 | . . . . . . 20 36 43 Robot Analysis Total 5 | . 2 . . . 3 . . . Derelict Logs Recovered 3 | . . 1 . 2 . . . . Drone Launches . | . . . . . . . . . Drone Recoveries . | . . . . . . . . . Exploration | -11 -10 -10 -10 -9 -8 -7 -6 -5 ------------- Run | Yrd Mat Min Exi Min Mat Fac Fac Fac Turns Passed 6949 | 132 1367 604 284 115 1207 1985 104 1151 Spaces Moved 4554 | 71 713 351 178 115 567 1161 86 1312 Core 166 | 6 . . . 112 48 . . . Treads 1895 | 65 713 351 178 3 345 240 . . Legs 1452 | . . . . . 174 921 86 271 Wheels . | . . . . . . . . . Hover . | . . . . . . . . . Flight 1041 | . . . . . . . . 1041 Fastest Speed 26 | 50 160 160 160 50 50 95 117 26 Average Speed 110 | 150 160 160 160 52 147 116 117 46 Slowest Speed 345 | 160 160 160 160 160 240 345 117 117 Overloaded Moves . | . . . . . . . . . Propulsion Burnouts . | . . . . . . . . . Robots Hopped . | . . . . . . . . . Potential Cave-ins . | . . . . . . . . . Cave-ins Triggered . | . . . . . . . . . Exploration Rate (%) 41 | 4 96 71 58 42 42 28 3 31 Regions Visited 8 Branch Regions 3 Pre-discovered Areas 1 | . . 1 . . . . . . Known Exits Taken 1 | . . . . . 1 . . . Unknown Exits Taken 7 | 1 1 1 1 1 . 1 1 . Scrap Searched . | . . . . . . . . . Spaces Dug 21 | . . . . . 2 8 . 11 Terrain Destroyed 87 | 4 29 1 . 32 2 8 . 11 Melee 21 | . . . . . 2 8 . 11 Projectile 1 | . . 1 . . . . . . AOE 65 | 4 29 . . 32 . . . . Terrain Rammed . | . . . . . . . . . Walls Destroyed . | . . . . . . . . . Machines Disabled . | . . . . . . . . . Actions | -11 -10 -10 -10 -9 -8 -7 -6 -5 --------- Run | Yrd Mat Min Exi Min Mat Fac Fac Fac Total 6147 | 84 854 387 177 143 879 1703 89 1831 Wait 1105 | 2 54 22 . 4 252 392 1 378 Move 4546 | 70 712 350 177 114 566 1160 85 1312 Hop . | . . . . . . . . . Pick Up 66 | . 17 3 . . 9 26 1 10 Fast Attach 30 | 7 . . . . 12 4 . 7 Attach 24 | . 1 . . 4 5 5 2 7 Detach 5 | . . . . . 1 . . 4 Swap 47 | . 12 5 . 2 4 19 . 5 Drop 65 | . 8 1 . 5 5 25 . 21 Fire 112 | 4 47 1 . 14 21 23 . 2 Melee 45 | . . . . . 2 23 . 20 Ram . | . . . . . . . . . Kick 6 | . . . . . 2 4 . . Crush 19 | 1 3 5 . . . 10 . . Escape Stasis 70 | . . . . . . 5 . 65 Rewire 7 | . . . . . . 7 . . Trap . | . . . . . . . . . Miscellaneous . | . . . . . . . . . Route ------- -11/Scrapyard -10/Materials (discovered 4 exits: *Mat x3 / *Min) -10/Mines (discovered 3 exits: *Mat x2 / [*Exi]) -10/Exiles -9/Mines -8/Materials -7/Factory (discovered 2 exits: *Fac / *Low) -6/Factory (discovered 2 exits: *Fac / DSF) -5/Factory (discovered 2 exits: Upp x2) History --------- Turn | Location | Event 8 | -11/Scrapyard | Discovered new exit (range 16) 133 | -11/Scrapyard | Entered Materials 307 | -10/Materials | Build established: Mutant 477 | -10/Materials | Discovered new exit (range 15) 779 | -10/Materials | Discovered new exit (range 8) 1129 | -10/Materials | Central database locked down 1129 | -10/Materials | Identified exit to Materials 1500 | -10/Materials | Entered Mines 1531 | -10/Mines | Met a Derelict bent on vengeance 1564 | -10/Mines | Discovered exit to Materials (range 9) 1584 | -10/Mines | Learned location of Storage (-7) 1585 | -10/Mines | Discovered exit to Materials (range 7) 1645 | -10/Mines | Met a Derelict who couldn't figure out how to use a Trap Extractor 1822 | -10/Mines | Assisted by bots powering up and referring to "LRC-V3" 1997 | -10/Mines | Joined a pair of Derelicts in attacking an 0b10 outpost 2021 | -10/Mines | Learned Materials non-interactive machine intel 2096 | -10/Mines | Deemed a non-threat by the Exiles lab entrance 2096 | -10/Mines | Discovered new exit (range 5) 2104 | -10/Mines | Entered Exiles 2104 | -10/Exiles | Accompanied by 2 allies 2148 | -10/Exiles | Met 8R-AWN 2172 | -10/Exiles | Met EX-HEX 2220 | -10/Exiles | Met EX-BIN 2239 | -10/Exiles | Aligned with FarCom system 2240 | -10/Exiles | Given EX-Vault access code 2314 | -10/Exiles | Met EX-DEC 2373 | -10/Exiles | Discovered new exit (range 11) 2388 | -10/Exiles | Entered Mines 2388 | -9/Mines | Accompanied by 2 allies 2389 | -9/Mines | Assembled infested the area 2445 | -9/Mines | Destroyed 9 combat bots 2448 | -9/Mines | Core integrity fell below 50% 2450 | -9/Mines | Core integrity fell below 20% 2476 | -9/Mines | Lost 5 parts (1p1n1u2w) 2496 | -9/Mines | Learned Materials emergency access door positions 2498 | -9/Mines | Discovered new exit (range 12) 2503 | -9/Mines | Entered Materials 2503 | -8/Materials | Evolved 4 slots: Propulsion x1, Utility x1, Weapon x2 2504 | -8/Materials | Identified exit to Factory 2506 | -8/Materials | Loaded intel: 33 non-interactive machine locations 2900 | -8/Materials | Build established: Skirmisher 3710 | -8/Materials | Entered Factory 3710 | -7/Factory | Evolved 2 slots: Propulsion x1, Utility x1 4155 | -7/Factory | Build established: Scientist-Skirmisher 4507 | -7/Factory | Repaired Flak Gun+ 4546 | -7/Factory | Repaired Imp. Light Armor Plating 4620 | -7/Factory | Discovered new exit (range 13) 4656 | -7/Factory | Identified exit to Lower Caves 5006 | -7/Factory | Garrison activated, responded to threat 5593 | -7/Factory | Discovered new exit (range 16) 5695 | -7/Factory | Entered another Factory area 5695 | -6/Factory | Evolved 2 slots: Power x1, Utility x1 5758 | -6/Factory | Identified exit to DSF 5790 | -6/Factory | Discovered new exit (range 5) 5799 | -6/Factory | Entered another Factory area 5799 | -5/Factory | Evolved 2 slots: Utility x2 6002 | -5/Factory | Found Hvy. Reactive Plating 6022 | -5/Factory | Identified exit to Upper Caves 6234 | -5/Factory | Found Prototype Processor 6234 | -5/Factory | Identified Exp. Targeting Computer 6749 | -5/Factory | Build established: Hacker-Ninja 6950 | -5/Factory | Self-destructed Last Messages --------------- 06579_ Field strength at 10. 06580_ Field strength at 4. 06581_ Stasis field depleted. 06584_ Connecting with Scanalyzer... >>Study(Mass Driver) Identified Mass Driver... Downloading performance data... Effective improvements: +10% accuracy 06632_ ALERT: Hostiles spotted, dispatching reinforcements to Terminal F002. 06864_ ALERT: Security rotation in progress. 06936_ W-25 Informer sends out distress signal. 06937_ ALERT: Suspicious intruders detected, dispatching Cutter reinforcements to area. 06947_ Cld. Nuclear Pulse Thruster destroyed. 06947_ Knocked back. 06948_ Lgt. Neutrino Core severed. 06950_ Spear+ destroyed. [Achievement: Just Browsing] Map ----- +----------------------------------------------------+ | ###?####^ !! # ################ | | ###?##### !! + ################ | | #######?# ![ ! # ################ | | ######### ! [ # "" "" ################ | | #?###?### ! ![ # ""S"" ################ | | ########"####### # """" ################ | | # """" ###### ####### ##################### | | # ""S"" ! ###### ############################# | | # "" "" ###### # ################ | | # ###### # """"""" ################ | | + """ """ ###### # """"""" ################ | | # """ """ ###### # """"""" ################ | | # """ """ ###### # """"""" ################ | | # ###### # ################ | | ################ # """"""" ################ | | ??#?############ H # """"""" ################ | | ??###?#?#?###### # """"""" ################ | | ?###???#####?### # """"""" ################ | | ###### ####?#### u# ################ | | ??#??? ? ? # # ] ################ | | ?#### ? ?""? # # ###################### | | #?### """ # | | ?#?##? ? "?" + | | ?#####?"" # | | ????## "Y # ccw % | | ?#??# "?? # @c ! | | ?#??# ? ?? ??##### ##; #####+#############/#### | | ?######?#####??## # ### | | ???##???#?####### s s # ### ! " | | ?#?#???######?### s # ### " | | ##?###??######### s # ### T | | #??##??#####?#### """"""" + ### """" " | | ###?#??#?#?###### """"""" # ### """" " | | ?##?###????###### """"""" #! ### """" | | ?#?#?#??####??### """""""s# ### """" | | ??##?#?##??####?# # ### """" | | ??#?#??######?### """"""" ############ ?""" | | ??#?#??#####?#### """"""" ###########?? """" | | ????#???#?##?#?## """"""" #?####?##### ? | | ?#????????####### """"""" #####?##?##??##?/##+### | | ???#??#?####?#### ##?#####?###?### ? # | | ????#?##??#####?# ] ######?#??####?# #? | | ??????#?#?#?#??#############???#?##?##?##?#? ????? | | ??#???##???####?####?###??####?#######?#?## ????? | | ?????????##?############?#?#####?###????#?#????? ? | | ????????#???#?#?##???##?#?###?###?###?#???? ?? ?#? | | ??#???????##??#???#?##########??###?#?#???? ???? | | ???????????##??#?###?##??####??#####???##????????? | | ???????????##??#?##???###?##??##?#????## ? ??????? | | ????????#???#?#?#?????#??#?? ? ?? ???##?? ??????? | +----------------------------------------------------+ Best States ------------- Heat Dissipation 45 Energy Generation 32 Energy Capacity 505 Matter Stores 300 Matter Capacity 300 Sight Range 16 Terrain Scan Range 20 Terrain Scan Density 210 ECM Strength 2 Armor Coverage 225 Weapon Cycling 20 Evasion (%) 64 Targeting Accuracy 12 Recoil Reduction 4 Kinecelleration 30 Offensive Hacking 10 Defensive Hacking 10 Item Schematics ----------------- Flak Gun | -7/Factory | Scanalyzed Robot Schematics ------------------ None Fabricated ------------ Nothing Repaired ---------- Flak Gun | 72% | -7/Factory Imp. Light Armor Plating | 66% | -7/Factory Studied --------- Flak Gun | -7/Factory | Hacked Lgt. Treads | -7/Factory | Hacked Hpw. Shotgun | -7/Factory | Hacked Ion Engine | -7/Factory | Hacked VSS Leg | -7/Factory | Hacked Spear | -7/Factory | Hacked Lgt. Nuclear Core | -7/Factory | Hacked Imp. Deuterium Engine | -7/Factory | Hacked Imp. Carbon-fiber Leg | -7/Factory | Hacked Cesium-ion Thruster | -7/Factory | Hacked Mass Driver | -5/Factory | Hacked Alien Tech Used ----------------- None Achievements -------------- Just Browsing Challenges ------------ None Game ------ Seed MetaSubdwellerLeg Manual? 0 Play Time 01:16:00 Cumulative 56.4 hours Start 2026.07.12 @ 22:56:41 End 2026.07.13 @ 00:12:10 Sessions 1 Manual Loads 0 Difficulty Rogue Special Mode None Game No. 77 Rogue 77 Adventurer 0 Explorer 0 Win Type - Total 0 Types 0/0/0/0/0/0/0/0/0/0 Lore% 10 Gallery% 25 Achievement% 20 Wizard Run 0 Options --------- Layout 1 ASCII 0 Keyboard 0 Movement Numpad Keybinds 0 Fullscreen 1 Font 32/SmallcapsGlow Map View 50x35 Zoom Use 2% Tactical HUD 1 Map Filters NONE Filters NONE Steam 1 RUN: d8b771ea-4c90-4dc9-ae0f-d656f027b9d8